 Dungeon Crawl Stone Soup version 0.21.1-1-g345015f (webtiles) character file.

8590 Mgcat the Destroyer (level 11, -3/54 HPs)
             Began as a Gargoyle Fire Elementalist on Feb 5, 2018.
             Was a Priest of Vehumet.
             Slain by a swamp worm (13 damage)
             ... on level 10 of the Dungeon.
             The game lasted 00:39:47 (10967 turns).

Mgcat the Destroyer (Gargoyle Fire Elementalist)   Turns: 10967, Time: 00:39:48

Health: -3/54      AC: 21    Str: 12    XL:     11   Next: 33%
Magic:  17/24      EV: 11    Int: 19    God:    Vehumet [***...]
Gold:   492        SH:  0    Dex: 10    Spells: 3/28 levels left

rFire    . . .     SeeInvis +   I - +4 hand axe (elec)
rCold    . . .     Gourm    .   (no shield)
rNeg     + . .     Faith    .   q - +0 troll leather armour {regen}
rPois    ∞         Spirit   .   o - +2 helmet
rElec    +         Reflect  .   (no cloak)
rCorr    .         Harm     .   L - +0 pair of gloves
MR       .....                  (no boots)
Stlth    +.........             (no amulet)
HPRegen  0.58/turn              h - ring of see invisible {sInv, !d}
MPRegen  0.19/turn              e - +5 ring of protection

@: very slow
A: negative energy resistance 1, electricity resistance, unbreathing,
petrification resistance, rot immunity, AC +8
a: Renounce Religion


You were on level 10 of the Dungeon.
You worshipped Vehumet.
Vehumet was most pleased with you.
You were very hungry.

You visited 2 branches of the dungeon, and saw 11 of its levels.
You also visited: Sewer.

You collected 492 gold pieces.

Inventory:

Hand Weapons
 C - a +0 blowgun
   (You took it off a kobold in a sewer)
 I - a +4 hand axe of electrocution (weapon)
   (You took it off an orc on level 4 of the Dungeon)
 P - a +1 morningstar of protection
   (You found it on level 10 of the Dungeon)
Missiles
 D - 27 poisoned needles
Armour
 o - a +2 helmet (worn)
   (You found it on level 2 of the Dungeon)
 q - a +0 troll leather armour (worn) {regen}
   (You found it on level 9 of the Dungeon)
 y - a +2 leather armour of cold resistance
   (You found it on level 4 of the Dungeon)
 L - a +0 pair of gloves (worn)
   (You found it on level 6 of the Dungeon)
Jewellery
 e - a +5 ring of protection (right hand)
   (You found it on level 1 of the Dungeon)
 h - a ring of see invisible (left hand) {sInv, !d}
   (You found it on level 1 of the Dungeon)
 r - an uncursed ring of positive energy {rN+}
   (You found it on level 3 of the Dungeon)
 u - an uncursed ring of protection from magic {MR+, !d}
   (You found it on level 3 of the Dungeon)
 G - a +2 ring of strength
   (You found it on level 4 of the Dungeon)
 K - an uncursed ring of protection from fire {rF+, !d}
   (You found it on level 6 of the Dungeon)
 M - a +3 ring of intelligence
   (You found it on level 7 of the Dungeon)
 R - an uncursed ring of positive energy {rN+}
   (You found it on level 10 of the Dungeon)
Wands
 b - a wand of scattershot (5)
   (You found it on level 9 of the Dungeon)
 m - a wand of random effects (29)
   (You found it on level 5 of the Dungeon)
 F - a wand of iceblast (7)
   (You found it on level 4 of the Dungeon)
 J - a wand of polymorph (9)
   (You took it off a crimson imp on level 6 of the Dungeon)
Scrolls
 a - a scroll of noise {unknown}
 i - a scroll of enchant weapon
 l - 3 scrolls of fog
 s - 9 scrolls of teleportation
 t - 3 scrolls of magic mapping {!r}
 v - 5 scrolls of remove curse
 w - 4 scrolls of amnesia
 E - a scroll of blinking {unknown}
 O - a scroll of identify
 Q - a scroll of holy word {unknown}
Potions
 d - a potion of magic {unknown}
 f - a potion of brilliance {unknown}
 g - a potion of cancellation
 j - 2 potions of agility
 k - 3 potions of might
 n - a potion of resistance
 p - 2 potions of berserk rage {!q}
 x - 3 potions of ambrosia
 z - 2 potions of curing
 A - 4 potions of mutation {!q}
 B - 2 potions of flight
 H - 3 potions of haste
 N - a potion of lignification {unknown}
Comestibles
 c - 25 rations


   Skills:
 - Level 1.5 Dodging
 - Level 2.1 Stealth
 + Level 9.1 Spellcasting
 + Level 10.5 Conjurations
 + Level 10.1 Fire Magic
 + Level 5.6 Earth Magic


You had 3 spell levels left.
You knew the following spells:

 Your Spells              Type           Power        Failure   Level  Hunger
a - Flame Tongue          Conj/Fire      #####        1%          1    None
b - Throw Flame           Conj/Fire      #####.       1%          2    None
c - Conjure Flame         Conj/Fire      #####...     1%          3    None
d - Sticky Flame          Conj/Fire      #####...     1%          4    ###....
e - Fireball              Conj/Fire      #####.....   1%          5    #####..
f - Sandblast             Erth           ####..       1%          1    None
g - Stone Arrow           Conj/Erth      #####.       1%          3    None
h - Iron Shot             Conj/Erth      #####.....   16%         6    ######.


Dungeon Overview and Level Annotations

Branches:
Dungeon (10/15)            Temple (1/1) D:7            Lair (0/6) D:10
    Orc (0/2) D:9

Altars:
Ashenzari
Cheibriados
Dithmenos
Elyvilon
Fedhas
Gozag
Hepliaklqana
Kikubaaqudgha
Makhleb
Nemelex Xobeh
Okawaru
Qazlal
Ru
Sif Muna
Trog
Uskayaw
Vehumet
Wu Jian
Xom
Yredelemnul
Zin
The Shining One

Annotations:
D:3 1 runed door


Innate Abilities, Weirdness & Mutations

You are resistant to torment.
Your stone body is resilient. (AC +8)
You are immune to poison.
You resist negative energy. (rN+)
You are resistant to electric shocks. (rElec)
You can survive without breathing.
You are immune to petrification.
You are immune to rotting.


Message History

Aim: a swamp worm (steam, lightly wounded)
The flame tongue hits the swamp worm.
The swamp worm is heavily wounded.
The swamp worm is engulfed in a cloud of scalding steam.
The swamp worm barely misses you.
The swamp worm is engulfed in a cloud of scalding steam.
The swamp worm bites you.
The swamp worm is engulfed in a cloud of scalding steam.
The swamp worm closely misses you.
Casting: Flame Tongue
Confirm with . or Enter, or press ? or * to list all spells.
Aiming: Flame Tongue
Press: ? - help, Shift-Dir - straight line, f/p - swamp worm
Aim: a swamp worm (steam, almost dead)
The flame tongue hits the swamp worm.
The swamp worm is almost dead.
The swamp worm is engulfed in a cloud of scalding steam.
The swamp worm barely misses you.
The swamp worm is engulfed in a cloud of scalding steam.
The swamp worm bites you!
* * * LOW HITPOINT WARNING * * *
The swamp worm is engulfed in a cloud of scalding steam.
The swamp worm bites you!
* * * LOW HITPOINT WARNING * * *
Casting: Flame Tongue
Confirm with . or Enter, or press ? or * to list all spells.
Aiming: Flame Tongue
Press: ? - help, Shift-Dir - straight line, f/p - swamp worm
Aim: a swamp worm (steam, almost dead)
Okay, then.
Unknown command.
Unknown command.
Unknown command.
Unknown command.
Unknown command.
Unknown command.
Unknown command.
Unknown command.
Unknown command.
Unknown command.
Unknown command.
Okay, then.
Unknown command.
You feel better.
The swamp worm is engulfed in a cloud of scalding steam.
You kill the swamp worm!
Vehumet accepts your kill.
The swamp worm is engulfed in a cloud of scalding steam.
The swamp worm closely misses you.
You feel better. The swamp worm completely misses you.
Unknown command.
You hit the swamp worm.
Lightning courses through the swamp worm!
The swamp worm is almost dead.
The swamp worm bites you. The swamp worm barely misses you.
You completely miss the swamp worm.
The swamp worm is almost dead.
The swamp worm bites you but does no damage.
Your unstable footing causes you to fumble your attack.
The swamp worm bites you!
* * * LOW HITPOINT WARNING * * *
The swamp worm bites you but does no damage.
You hit the swamp worm.
You kill the swamp worm!
Vehumet accepts your kill.
You feel your power returning.
A swamp worm bursts forth from the water.
The swamp worm bites you.
* * * LOW HITPOINT WARNING * * *
Your unstable footing causes you to fumble your attack.
The swamp worm closely misses you. The swamp worm barely misses you.
Casting: Flame Tongue
Confirm with . or Enter, or press ? or * to list all spells.
Okay, then.
You feel better. The swamp worm bites you!
* * * LOW HITPOINT WARNING * * *
You feel better. The swamp worm bites you!
* * * LOW HITPOINT WARNING * * *
You feel better.
The swamp worm bites you but does no damage.
You feel better.
The swamp worm bites you but does no damage.
The swamp worm bites you.
Your unstable footing causes you to fumble your attack.
The swamp worm bites you but does no damage.
You hit the swamp worm.
The swamp worm is lightly wounded.
The swamp worm bites you!
* * * LOW HITPOINT WARNING * * *
The swamp worm completely misses you.
Casting: Flame Tongue
Confirm with . or Enter, or press ? or * to list all spells.
Aiming: Flame Tongue
Press: ? - help, Shift-Dir - straight line, f - swamp worm
Aim: a swamp worm (lightly wounded)
The flame tongue hits the swamp worm.
The swamp worm is moderately wounded.
The swamp worm is engulfed in a cloud of scalding steam.
The swamp worm bites you!
You die... ..# #.# #.#)# ##.P.. #.# #.# #.#.# #P..PP #.# #.########.#.# #PPPPP #.# ##.≈≈≈≈≈≈≈#.#.# #PP... #.## ##≈≈≈≈≈≈≈≈≈≈≈#.# #PP.>. #..# #≈≈≈#######≈≈≈.# #PP... ##.## #≈≈≈#≈≈≈≈≈##≈≈.# ##PPPP

#..# #≈≈≈≈≈≈≈≈≈$#≈≈.# ##### ##.#
#≈≈≈#†@w≈≈##≈≈.# #.#
#≈≈≈#######≈≈≈.# #.#
##≈≈≈≈≈≈≈≈≈≈≈..# ###'###
#..≈≈≈≈≈≈≈...## #.....#
##.........########+## #.###.#
######.####### #....... #.#.#.#
#..........######.......
#.#.#.####...........(..##.......
..#.#.'.............###..'.......


You could see a swamp worm.

Vanquished Creatures
  2 two-headed ogres
  The ghost of bmj180 the Slicer, a novice HaFi of Okawaru (D:7)
  A komodo dragon (D:10)
  A queen bee (D:9)
  A troll (D:9)
  A hippogriff (D:9)
  3 yaks (D:10)
  Eustachio (D:6)
  Menkaure (D:4)
  2 swamp worms (D:10)
  Duvessa (D:5)
  A necrophage (D:10)
  4 orc warriors
  A black bear (D:7)
  2 ice beasts
  3 ogres
  3 centaurs
  3 big kobolds
  Blork the orc (D:4)
  4 bullfrogs
  Dowan (D:5)
  A wyvern skeleton (D:9)
  A water moccasin skeleton (D:6)
  4 scorpions
  23 killer bees
  3 howler monkeys
  6 crimson imps
  A bullfrog zombie (D:9)
  4 orc priests
  4 hounds
  3 iguanas
  3 bullfrog skeletons
  9 orc wizards
  9 worker ants
  2 hound skeletons
  A worker ant zombie (D:9)
  17 adders
  6 gnolls
  2 howler monkey skeletons
  3 river rats (D:4)
  4 shadow imps
  2 oozes (Sewer)
  An adder zombie (D:8)
  4 adder skeletons
  12 worms
  A dart slug (D:3)
  5 leopard geckos
  28 orcs
  8 ball pythons
  7 bats
  4 giant cockroaches
  4 goblins
  11 hobgoblins
  15 jackals
  14 kobolds
  5 quokkas
  A ball python skeleton (D:5)
  5 frilled lizards
  A quokka skeleton (D:7)
  14 rats
286 creatures vanquished.

Vanquished Creatures (others)
  6 plants (D:10)
6 creatures vanquished.

Grand Total: 292 creatures vanquished

Notes
Turn   | Place    | Note
-------+----------+-------------------------------------------
     0 | D:1      | Mgcat the Gargoyle Fire Elementalist began the quest for the Orb.
     0 | D:1      | Reached XP level 1. HP: 10/10 MP: 3/3
   255 | D:1      | Reached XP level 2. HP: 15/15 MP: 5/5
   737 | D:1      | Reached XP level 3. HP: 15/19 MP: 0/6
   816 | D:2      | Reached skill level 2 in Conjurations
   894 | D:2      | Reached XP level 4. HP: 18/24 MP: 1/8
  1115 | D:2      | Found a sacrificial altar of Ru.
  1387 | D:3      | Reached skill level 3 in Spellcasting
  1544 | D:3      | Learned a level 2 spell: Throw Flame
  1557 | D:3      | Reached skill level 3 in Conjurations
  1633 | D:3      | Reached XP level 5. HP: 24/28 MP: 5/9
  1636 | D:3      | Reached skill level 4 in Fire Magic
  1808 | D:3      | Learned a level 3 spell: Conjure Flame
  1813 | D:3      | Learned a level 4 spell: Sticky Flame
  1877 | D:3      | Found a glowing silver altar of Zin.
  1877 | D:3      | Found a runed door.
  1877 | D:3      | Noticed an angel
  2309 | D:4      | Found a white marble altar of Elyvilon.
  2545 | D:4      | Found a glowing drain.
  2550 | Sewer    | Entered a sewer
  2629 | Sewer    | Noticed a big kobold
  2639 | Sewer    | Killed a big kobold
  2639 | Sewer    | Reached XP level 6. HP: 29/32 MP: 3/11
  2803 | Sewer    | Reached skill level 4 in Conjurations
  2998 | Sewer    | Reached skill level 4 in Spellcasting
  3154 | D:4      | Reached skill level 5 in Fire Magic
  3220 | D:4      | Reached XP level 7. HP: 36/36 MP: 8/13
  3266 | D:4      | Noticed Menkaure
  3513 | D:4      | Noticed Blork the orc
  3521 | D:4      | Killed Blork the orc
  3813 | D:4      | Reached skill level 5 in Conjurations
  4198 | D:4      | Killed Menkaure
  4198 | D:4      | Reached skill level 5 in Spellcasting
  4198 | D:4      | Reached XP level 8. HP: 41/41 MP: 8/15
  4408 | D:5      | Entered Level 5 of the Dungeon
  4434 | D:5      | Reached skill level 6 in Fire Magic
  4655 | D:5      | Reached skill level 6 in Conjurations
  4688 | D:5      | Learned a level 5 spell: Fireball
  4865 | D:5      | Noticed Duvessa
  4866 | D:5      | Noticed Dowan
  4893 | D:5      | Killed Duvessa
  4906 | D:5      | Killed Dowan
  5837 | D:6      | Noticed Eustachio
  5882 | D:6      | Killed Eustachio
  5882 | D:6      | Reached skill level 6 in Spellcasting
  6028 | D:6      | Reached skill level 7 in Conjurations
  6028 | D:6      | Reached skill level 7 in Fire Magic
  6028 | D:6      | Reached XP level 9. HP: 45/45 MP: 10/18
  6857 | D:7      | Noticed bmj180's ghost (novice HaFi)
  6871 | D:7      | Killed bmj180's ghost
  6871 | D:7      | Reached skill level 7 in Spellcasting
  6871 | D:7      | Reached skill level 8 in Conjurations
  6998 | D:7      | Found a staircase to the Ecumenical Temple.
  7040 | D:7      | Reached skill level 8 in Fire Magic
  7079 | Temple   | Entered the Ecumenical Temple
  7216 | Temple   | Became a worshipper of Vehumet
  7702 | D:7      | Found a bloodstained altar of Trog.
  7860 | D:8      | Noticed a two-headed ogre
  7867 | D:8      | Killed a two-headed ogre
  7867 | D:8      | Reached skill level 9 in Conjurations
  7867 | D:8      | Reached XP level 10. HP: 46/50 MP: 4/21
  7940 | D:8      | Reached * piety under Vehumet
  7940 | D:8      | Offered knowledge of Sandblast by Vehumet.
  7947 | D:8      | Learned a level 1 spell: Sandblast
  8093 | D:8      | Reached skill level 8 in Spellcasting
  8093 | D:8      | Reached skill level 9 in Fire Magic
  8255 | D:8      | Reached skill level 1 in Earth Magic
  8544 | D:8      | Reached skill level 2 in Earth Magic
  9053 | D:9      | Reached ** piety under Vehumet
  9053 | D:9      | Offered knowledge of Sting by Vehumet.
  9150 | D:9      | Reached skill level 3 in Earth Magic
  9231 | D:9      | Offered knowledge of Stone Arrow by Vehumet.
  9240 | D:9      | Learned a level 3 spell: Stone Arrow
  9495 | D:9      | Found a staircase to the Orcish Mines.
  9605 | D:9      | Reached skill level 10 in Conjurations
  9605 | D:9      | Reached skill level 4 in Earth Magic
  9711 | D:9      | Found a deep blue altar of Sif Muna.
  9724 | D:9      | Found a glowing golden altar of the Shining One.
  9724 | D:9      | Found an ornate altar of the Wu Jian Council.
  9725 | D:9      | Found an ancient bone altar of Kikubaaqudgha.
  9725 | D:9      | Found a stormy altar of Qazlal.
  9726 | D:9      | Found a hide-covered altar of Uskayaw.
  9728 | D:9      | Found a basalt altar of Yredelemnul.
  9729 | D:9      | Found a burning altar of Makhleb.
  9835 | D:9      | Noticed a two-headed ogre
  9835 | D:9      | Reached *** piety under Vehumet
  9843 | D:9      | Killed a two-headed ogre
  9843 | D:9      | Reached XP level 11. HP: 45/54 MP: 5/23
  9960 | D:9      | Identified the Tome of Serendipity
  9969 | D:9      | Learned a level 6 spell: Iron Shot
 10033 | D:9      | Reached skill level 5 in Earth Magic
 10261 | D:10     | Entered Level 10 of the Dungeon
 10519 | D:10     | Reached skill level 9 in Spellcasting
 10599 | D:10     | Reached skill level 10 in Fire Magic
 10680 | D:10     | Found a staircase to the Lair.
 10951 | D:10     | HP: 7/54 [swamp worm (9)]
 10956 | D:10     | HP: 11/54 [swamp worm (9)]
 10961 | D:10     | HP: 9/54 [swamp worm (10)]
 10966 | D:10     | HP: 9/54 [swamp worm (15)]
 10967 | D:10     | Slain by a swamp worm

Skill      XL: |  1  2  3  4  5  6  7  8  9 10 11 |
---------------+----------------------------------+-----
Conjurations   | 2 3 4 5 7 9 10 | 10.5
Spellcasting   | 3 4 5 6 7 8 9 |  9.1
Fire Magic     | 4 5 7 8 9 10 | 10.1
Earth Magic    | 4 5 |  5.6
Dodging        | |  1.5
Stealth        | |  2.1

Action                   |  1- 3 |  4- 6 |  7- 9 | 10-12 || total
-------------------------+-------+-------+-------+-------++-------
Melee: Mace              |    39 |   144 |    11 |       ||   194
       Hand axe          |       |       |   146 |   119 ||   265
 Fire: Blowgun           |       |       |    36 |       ||    36
 Cast: Flame Tongue      |    27 |   103 |   164 |    94 ||   388
       Throw Flame       |       |     3 |    20 |    40 ||    63
       Conjure Flame     |       |       |     3 |       ||     3
       Sticky Flame      |       |       |     2 |    35 ||    37
       Fireball          |       |       |       |     7 ||     7
       Stone Arrow       |       |       |       |     1 ||     1
  Use: Scroll            |       |     6 |    16 |     1 ||    23
       Potion            |       |       |       |     6 ||     6
 Stab: Sleeping          |     2 |     2 |     1 |     1 ||     6
  Eat: Chunk             |       |     8 |    11 |    11 ||    30
       Ration            |       |       |     1 |     1 ||     2
Armor: Robe              |    17 |    89 |    59 |       ||   165
       Leather armour    |       |       |    71 |    88 ||   159
       Troll leather arm |       |       |       |    53 ||    53
Dodge: Dodged            |    38 |   154 |   130 |   124 ||   446

Vault maps used:
D:1:      lightli_iron_boxes
D:2:      lemuel_doored_altar
D:3:      first_ration, lemuel_angel_altar
D:4:      lemuel_crystal_altar, lightli_sewer_entry_pipes, uniq_menkaure,
          uniq_blork_the_orc
D:5:      uniq_duvessa
D:6:      kennysheep_decorative_pillar, minmay_misc_feat_rugged, st_stairs_14,
          uniq_eustachio
D:7:      lightli_temple_of_fire, temple_doors_e
D:9:      minitemple, hiddenorc1_lemuel, david_nohive_1, minmay_radiant
D:10:     david_lair_shrubbed, worms_lemuel
Temple:   minmay_temple_curvy_loop
Sewer:    sewer_co_15_rooms

Table legend:
 A = Turns spent in this place as a percentage of turns spent in the entire game.
 B = Non-inter-level travel turns spent in this place as a percentage of non-inter-level travel turns spent in the entire game.
 C = Inter-level travel turns spent in this place as a percentage of turns spent in this place.
 D = Turns resting spent in this place as a percentage of non-inter-level travel turns spent in this place.
 E = Turns spent auto-exploring this place as a percentage of non-inter-level travel turns spent in this place.
 F = Non-inter-level travel turns spent in this place divided by the number of levels of this place that you've seen.
                   A       B       C       D       E      F
               +-------+-------+-------+-------+-------+----------------------
         Total | 100.0 | 100.0 |   2.0 |   0.5 |  77.0 | 895.2
       Dungeon |  92.8 |  92.6 |   2.2 |   0.6 |  77.6 | 995.3
        Temple |   1.8 |   1.9 |   0.0 |   0.0 |  83.6 | 201.0
         Sewer |   5.4 |   5.5 |   0.0 |   0.0 |  64.5 | 589.0
               +-------+-------+-------+-------+-------+----------------------

Table legend:
 A = Kills in this place as a percentage of kills in entire the game.
 B = Kills by you in this place as a percentage of kills by you in the entire game.
 C = Kills by friends in this place as a percentage of kills by friends in the entire game.
 D = Other kills in this place as a percentage of other kills in the entire game.
 E = Experience gained in this place as a percentage of experience gained in the entire game.
 F = Experience gained in this place divided by the number of levels of this place that you have seen.
                   A       B       C       D       E      F
               +-------+-------+-------+-------+-------+----------------------
         Total | 100.0 | 100.0 |   N/A |   N/A | 100.0 | 1022.7
       Dungeon |  92.0 |  92.0 |   N/A |   N/A |  97.6 | 1198.2
         Sewer |   8.0 |   8.0 |   N/A |   N/A |   2.4 | 290.0
               +-------+-------+-------+-------+-------+----------------------
